 Dungeon Crawl Stone Soup version 0.23-a0-389-g4a5eb33 (webtiles) character file.

292 Cryolive the Digger (level 6, -11/32 HPs)
             Began as a Gargoyle Earth Elementalist on Oct 29, 2018.
             Mangled by a two-headed ogre
             ... wielding a +0 giant spiked club
              (13 damage)
             ... on level 4 of the Dungeon.
             The game lasted 00:07:30 (3876 turns).

Cryolive the Digger (Gargoyle Earth Elementalist)   Turns: 3876, Time: 00:07:30

Health: -11/32     AC:  7    Str: 12    XL:     6   Next: 33%
Magic:  0/11       EV: 11    Int: 17    God:
Gold:   230        SH:  4    Dex: 10    Spells: 3/12 levels left

rFire    . . .     SeeInvis .   s - +4 short sword
rCold    . . .     Gourm    .   e - +0 buckler
rNeg     + . .     Faith    .   c - +0 robe
rPois    ∞         Spirit   .   t - +0 helmet
rElec    +         Reflect  .   (no cloak)
rCorr    .         Harm     .   (no gloves)
MR       .....                  (no boots)
Stlth    +++.......             (no amulet)
HPRegen  0.10/turn              f - ring of stealth
MPRegen  0.12/turn              (no ring)

@: no status effects
A: negative energy resistance 1, electricity resistance, unbreathing,
petrification resistance, rot immunity, AC +4
a: no special abilities


You were on level 4 of the Dungeon.
You were not hungry.

You visited 1 branch of the dungeon, and saw 4 of its levels.

You collected 230 gold pieces.

Inventory:

Hand Weapons
 s - a +4 short sword (weapon)
Missiles
 b - 102 stones (quivered)
Armour
 c - a +0 robe (worn)
 e - a +0 buckler (worn)
 t - a +0 helmet (worn)
Jewellery
 f - a ring of stealth (left hand)
 v - an uncursed ring of see invisible {unknown}
Wands
 i - a wand of polymorph (7)
Scrolls
 a - a scroll of amnesia {unknown}
 g - 6 scrolls of identify {unknown}
 j - a scroll of fear {unknown}
 k - 2 scrolls of remove curse {unknown}
 l - 2 scrolls of teleportation {unknown}
 m - a scroll of fog {unknown}
 p - a scroll of blinking {unknown}
Potions
 h - 2 potions of brilliance {unknown}
 n - a potion of lignification {unknown}
 o - 2 potions of mutation {unknown}
 r - 2 potions of flight {unknown}
 u - a potion of degeneration {unknown}
Comestibles
 d - 7 rations
 q - 9 chunks of flesh


   Skills:
 - Level 1.5 Dodging
 - Level 2.1 Stealth
 + Level 2.8 Shields
 + Level 3.5 Spellcasting
 + Level 2.7 Conjurations
   Level 0.7 Transmutations
 + Level 5.3 Earth Magic


You had 3 spell levels left.
You knew the following spells:

 Your Spells              Type           Power        Failure   Level  Hunger
a - Sandblast             Erth           ###...       1%          1    None
b - Stone Arrow           Conj/Erth      ###...       11%         3    ###....
c - Lee's Rapid Deconstr  Erth           ###.......   50%         5    ######.

Your spell library contained the following spells:

 Spells                   Type           Power        Failure   Level  Hunger
 Passwall                 Tmut/Erth      ##......     9%          2    ##.....
 Petrify                  Tmut/Erth      ##......     47%         4    ####...


Dungeon Overview and Level Annotations

Branches:
Dungeon (4/15)
 Temple: D:4-7

Altars:
Cheibriados
Elyvilon
Nemelex Xobeh
Zin
The Shining One


Innate Abilities, Weirdness & Mutations

You are resistant to torment.
Your stone body is resilient. (AC +4)
You are immune to poison.
You resist negative energy. (rN+)
You are resistant to electric shocks. (rElec)
You can survive without breathing.
You are immune to petrification.
You are immune to rotting.


Message History

You hit the two-headed ogre.
The two-headed ogre is severely wounded.
The two-headed ogre hits you with a +0 giant spiked club! x2
Unknown command.
You block the two-headed ogre's attack.
The two-headed ogre hits you with a +0 giant spiked club!
* * * LOW HITPOINT WARNING * * *
Unknown command.
Casting: Sandblast (safe; 1% risk of failure)
Confirm with . or Enter, or press ? or * to list all spells.
Aiming: Sandblast (safe; 1% risk of failure)
Press: ? - help, Shift-Dir - straight line, f/p - two-headed ogre
Aim: a two-headed ogre, wielding two +0 giant spiked clubs (severely wounded)
The blast of sand hits the two-headed ogre.
The two-headed ogre is severely wounded.
b - 102 stones You barely miss the two-headed ogre.
The two-headed ogre is severely wounded.
The two-headed ogre hits you with a +0 giant spiked club!
You die...

#.......##.# ####
#.#...#.##.#
..#####...)...##..
#.##..####)####...
#.###......#####.. ..
#.#........#........ .
#.#.##.##..#.#####.#
#...#.##.......#####..
.#.#@##.###.#......[.
..#O#####.......##.#
#.#.# #.......##.#
#$#.# #.......##.#
#...# #...........
##### #........#.#
#...........
#........#..
#...........


You could see a two-headed ogre.

Vanquished Creatures
  A hound (D:4)
  A bullfrog skeleton (D:4)
  An iguana (D:4)
  3 orc wizards
  Robin (D:3)
  An ooze (D:1)
  A worm (D:2)
  5 dart slugs
  3 leopard geckos
  13 orcs
  A ball python (D:4)
  4 giant cockroaches
  15 goblins
  9 hobgoblins
  7 bats
  6 frilled lizards
  9 kobolds
  5 rats
86 creatures vanquished.

Notes
Turn   | Place    | Note
-------+----------+-------------------------------------------
     0 | D:1      | Cryolive the Gargoyle Earth Elementalist began the quest
                  | for the Orb.
     0 | D:1      | Reached XP level 1. HP: 10/10 MP: 3/3
   113 | D:1      | Reached XP level 2. HP: 6/15 MP: 3/5
   305 | D:1      | Reached skill level 4 in Earth Magic
   736 | D:1      | Reached XP level 3. HP: 18/19 MP: 6/6
   741 | D:1      | Learned a level 3 spell: Stone Arrow
  1014 | D:1      | Reached skill level 1 in Shields
  1504 | D:3      | Reached skill level 1 in Conjurations
  1768 | D:3      | Reached XP level 4. HP: 11/24 MP: 5/8
  2836 | D:3      | Noticed Robin
  2838 | D:3      | Killed Robin
  2838 | D:3      | Reached XP level 5. HP: 28/28 MP: 4/9
  3016 | D:3      | Found a sparkling altar of Nemelex Xobeh.
  3023 | D:3      | Learned a level 5 spell: Lee's Rapid Deconstruction
  3264 | D:2      | Found a snail-covered altar of Cheibriados.
  3517 | D:4      | Reached skill level 5 in Earth Magic
  3730 | D:4      | Reached XP level 6. HP: 31/32 MP: 4/11
  3778 | D:4      | Found a glowing golden altar of the Shining One.
  3778 | D:4      | Found a glowing silver altar of Zin.
  3778 | D:4      | Found a white marble altar of Elyvilon.
  3860 | D:4      | Noticed a two-headed ogre
  3876 | D:4      | Mangled by a two-headed ogre

Vault maps used:
D:1:      matt_arrival_los_fun, minmay_liquid_box, minmay_tromino_i4
D:2:      cheibriados_altar_1
D:3:      nicolae_overflow_hidden_temple, first_ration, uniq_robin
D:4:      good_gods_mini_temple, kennysheep_small_square

Skill      XL: |  1  2  3  4  5 |
---------------+----------------+-----
Earth Magic    | 4 5 |  5.3
Shields        | 1 2 |  2.8
Conjurations   | 1 2 |  2.7
Spellcasting   | 3 |  3.5
Dodging        | |  1.5
Stealth        | |  2.1
Transmutations | |  0.7

Action                   |  1- 3 |  4- 6 || total
-------------------------+-------+-------++-------
Melee: Club              |   134 |   124 ||   258
       Unarmed           |     5 |       ||     5
       Short sword       |       |    68 ||    68
 Cast: Sandblast         |    11 |    27 ||    38
       Stone Arrow       |       |     7 ||     7
 Stab: Sleeping          |    10 |     6 ||    16
  Eat: Chunk             |     3 |     8 ||    11
Armor: Robe              |    50 |    81 ||   131
Dodge: Dodged            |    88 |   117 ||   205
Block: Buckler           |    17 |    32 ||    49

Table legend:
 A = Non-vault XP
 B = Vault XP
 C = Vault XP percentage of total XP
 D = Non-vault monster count
 E = Vault monster count
 F = Vault count percentage of total count
                 A         B        C        D         E       F
            +---------+---------+-------+---------+---------+-------
      Total |     338 |      80 |  19.1 |      71 |      15 |  17.4
            +---------+---------+-------+---------+---------+-------
        D:1 |      46 |       3 |   6.1 |      21 |       2 |   8.7
        D:2 |      31 |       0 |   0.0 |      13 |       0 |   0.0
        D:3 |      87 |      34 |  28.1 |      27 |      11 |  28.9
        D:4 |     174 |      43 |  19.8 |      10 |       2 |  16.7
            +---------+---------+-------+---------+---------+-------
